 Dungeon Sprint DCSS version 0.24.0-1-gfbc8707 (webtiles) character file.

Game seed: 4818168145699675457, levelgen mode: deterministic

6800 Fang the Fighter (level 11, -1/120 HPs)
             Began as a Gargoyle Berserker on Nov 6, 2019.
             Was the Champion of Trog.
             Slain by an Executioner (7 damage)
             ... in the Dungeon (Sprint V: "Ziggurat Sprint").
             The game lasted 00:02:29 (781 turns).

Fang the Fighter (Gargoyle Berserker)                Turns: 781, Time: 00:02:29

Health: -1/120     AC: 45    Str: 41    XL:     11   Next: 5%
Magic:  0/11       EV:  8    Int: 11    God:    Trog [******]
Gold:   0          SH: 32    Dex: 12    Spells: 10/10 levels left

rFire    . . .     SeeInvis .   a - +9 broad axe (flame)
rCold    . . .     Gourm    .   E - +18 shield of the Gong {rElec rN+ MR+ EV-5}
rNeg     + + .     Faith    .   b - +15 Maxwell's patent armour {-Cast -Tele rElec MR+ rCorr}
rPois    ∞         Spirit   .   y - +2 helmet {Int+3}
rElec    +         Reflect  .   (no cloak)
rCorr    +         Harm     .   z - +0 pair of gloves {Dex+3}
MR       ++...     NoTele   +   g - +0 pair of boots {Stlth+} Stlth ..........NoCast +
                                (no amulet)
HPRegen  0.30/turn              D - +6 ring of strength
MPRegen  0.12/turn              C - +6 ring of strength

@: berserking (expiring), very quick
A: negative energy resistance 1, electricity resistance, unbreathing,
petrification resistance, rot immunity, AC +8
a: Berserk, Trog's Hand, Brothers in Arms, Renounce Religion


You were in the Dungeon.
You worshipped Trog.
Trog was exalted by your worship.
You were hungry.

You visited 1 branch

Inventory:

Hand Weapons
 a - a +9 broad axe of flaming (weapon)
 o - the +6 war axe of Patterns {chop, MP+9 Str+3}
   (You found it in the Dungeon)

   It inflicts extra damage upon your enemies.
   It affects your strength (+3).
   It affects your magic capacity (+9).
 x - a +1 broad axe of flaming
Armour
 b - the +15 Maxwell's patent armour (worn) {-Cast -Tele rElec MR+ rCorr}
   (You found it in the Dungeon)

   It insulates you from electricity.
   It affects your resistance to hostile enchantments.
   It prevents spellcasting.
   It prevents most forms of teleportation.
   It provides partial protection from all sources of acid and corrosion.
 g - a +0 pair of boots of stealth (worn)
 y - a +2 helmet of intelligence (worn)
 z - a +0 pair of gloves of dexterity (worn)
 E - the +18 shield of the Gong (worn) {rElec rN+ MR+ EV-5}
   (You found it in the Dungeon)

   It affects your evasion (-5).
   It insulates you from electricity.
   It protects you from negative energy.
   It affects your resistance to hostile enchantments.
Jewellery
 A - an uncursed ring of see invisible
 B - an uncursed ring of protection from magic
 C - a +6 ring of strength (right hand)
 D - a +6 ring of strength (left hand)
 G - the ring "Sij Poy" {+Fly rF+ rC+++ Str+3 Slay-6}
   (You found it in the Dungeon)

   [ring of strength]

   It affects your strength (+3).
   It affects your accuracy and damage with ranged weapons and melee attacks
   (-6).
   It protects you from fire.
   It renders you almost immune to cold.
   It lets you fly.
 H - an uncursed ring of protection from cold
Wands
 u - a wand of disintegration (7)
 v - a wand of iceblast (7)
 w - a wand of acid (7)
Scrolls
 i - 4 scrolls of blinking
 j - 7 scrolls of fog
 k - a scroll of holy word
 l - 5 scrolls of identify
 m - 5 scrolls of remove curse
 n - 2 scrolls of fear
Potions
 d - 10 potions of curing
 e - 14 potions of heal wounds
 f - 10 potions of haste
 h - 3 potions of berserk rage
 p - 2 potions of invisibility
 q - 4 potions of resistance
 r - a potion of experience
 s - 5 potions of agility
 t - 5 potions of might
Comestibles
 c - 7 rations
 F - 15 chunks of flesh


   Skills:
 * Level 14.2 Fighting
 * Level 12.2 Axes
 + Level 12.6 Armour
 + Level 10.0 Dodging
 * Level 9.7 Shields


You had 10 spell levels left.
You didn't know any spells.
Your spell library was empty.

Dungeon Overview and Level Annotations

Branches:
Dungeon (1/1)

Altars:
Ashenzari
Cheibriados
Dithmenos
Elyvilon
Fedhas
Gozag
Hepliaklqana
Kikubaaqudgha
Makhleb
Nemelex Xobeh
Okawaru
Qazlal
Ru
Sif Muna
Trog
Uskayaw
Vehumet
Wu Jian
Xom
Yredelemnul
Zin
The Shining One
Beogh
Jiyva
Lugonu


Innate Abilities, Weirdness & Mutations

You are resistant to torment.
Your stone body is resilient. (AC +8)
You are immune to poison.
You resist negative energy. (rN+)
You are resistant to electric shocks. (rElec)
You can survive without breathing.
You are immune to petrification.
You are immune to rotting.


Message History

Ruxkese closely misses you.
You hit Ruxkese. You burn Ruxkese.
Ruxkese is moderately wounded.
You slash Jexeshek! You burn Jexeshek. You miss the sixfirhy.
You hit the hellwing but do no damage. You barely miss the ufetubus.
You barely miss the Executioner. You block the Executioner's attack.
GONNNNG!
You block the Executioner's attack.
GONNNNG!
The Executioner hits you but does no damage. x4
You block the sixfirhy's attack.
GONNNNG!
Jexeshek hits you!!
* * * LOW HITPOINT WARNING * * *
The ufetubus closely misses you.
The ufetubus hits you but does no damage.
The reaper hits you from afar with a +1 antimagic scythe.
* * * LOW HITPOINT WARNING * * *
The Executioner hits you!
You die...

▓...8©8...▓.
▓..).[=:|.▓..)|}:|..▓.
▓..:))|=..▓..):.:}..▓.
▓.........▓.........▓.
▓..ggh3...▓...).....▓.
▓..5336...▓...)))...▓.
▓..12{55..▓...|))...▓.
▓..41&&...▓.........▓.
▓.▓.5@3.▓.▓.▓.....▓.▓.
▓....4l...▓....©....▓▓
▓▓▓▓▓▓▓▓▓▓▓▓▓▓▓▓▓▓▓▓▓


You could see Jexeshek, Ruxkese, an Ice Fiend, a reaper, an Executioner, a sun
demon, a gelid demonspawn, 2 hellwings, a sixfirhy, a smoke demon, a ynoxinul, 4
ufetubi, a leopard gecko, a jackal and 2 goblins.

Vanquished Creatures
  A wretched star (D)
  2 orc knights (D)
  An ugly thing (D)
  An orc sorcerer (D)
  A wolf spider (D)
  A large abomination (D)
  A spiny frog (D)
  An ancient zyme (D)
  2 jumping spiders (D)
  3 air elementals (D)
  A tarantella (D)
  A redback (D)
  A ynoxinul (D)
  A yak (D)
  2 porcupines (D)
  An ice beast (D)
  A porcupine (shapeshifter) (D)
  5 orc warriors (D)
  An ogre (D)
  A crocodile (shapeshifter) (D)
  A crocodile (D)
  A gnoll sergeant (D)
  A bullfrog (D)
  9 scorpions (D)
  2 wights (D)
  A quasit (D)
  3 iron imps (D)
  A river rat (D)
  A shadow imp (D)
  2 white imps (D)
  2 ufetubi (D)
  An adder zombie (D)
  A worm (shapeshifter) (D)
  2 orcs (D)
  A giant cockroach zombie (D)
  A jackal simulacrum (D)
  A leopard gecko skeleton (D)
  A quokka skeleton (D)
61 creatures vanquished.

Vanquished Creatures (others)
  3 insubstantial wisps (D)
3 creatures vanquished.

Grand Total: 64 creatures vanquished

Notes
Turn   | Place    | Note
-------+----------+-------------------------------------------
     0 | D        | Fang the Gargoyle Berserker began the quest for the Orb.
     0 | D        | Reached XP level 1. HP: 14/14 MP: 1/1
     0 | D        | Found a blossoming altar of Fedhas.
     1 | D        | Found the +6 Majin-Bo {vamp, Archmagi MP+6 Int+6}
     1 | D        | Found the +7 great mace "Firestarter" {inner flame, rF++}
     1 | D        | Found a transporter.
     1 | D        | Found a viscous altar of Jiyva.
     1 | D        | Found an ancient bone altar of Kikubaaqudgha.
     1 | D        | Found a hazy altar of Hepliaklqana.
     1 | D        | Found a corrupted altar of Lugonu.
     1 | D        | Found an opulent altar of Gozag.
     1 | D        | Found a burning altar of Makhleb.
    14 | D        | Found a sparkling altar of Nemelex Xobeh.
    14 | D        | Found an iron altar of Okawaru.
    14 | D        | Found a stormy altar of Qazlal.
    14 | D        | Found a sacrificial altar of Ru.
    18 | D        | Found the +9 heavy crossbow "Sniper" {velocity, Acc+∞ SInv}
    18 | D        | Found the +10 dark maul {crush}
    18 | D        | Found the +15 Maxwell's patent armour {-Cast -Tele rElec
                  | MR+ rCorr}
    18 | D        | Found the +18 shield of the Gong {rElec rN+ MR+ EV-5}
    18 | D        | Found the cursed +14 obsidian axe {chop, +Fly SInv *Curse}
    22 | D        | Found a shimmering blue altar of Sif Muna.
    36 | D        | Found a bloodstained altar of Trog.
    79 | D        | Entered arena 2.
    79 | D        | Found a transporter.
   123 | D        | Entered arena 3.
   123 | D        | Noticed an ice beast
   123 | D        | Found a transporter.
   125 | D        | Reached ** piety under Trog
   131 | D        | Killed an ice beast
   131 | D        | Reached skill level 5 in Fighting
   131 | D        | Reached skill level 5 in Armour
   131 | D        | Reached XP level 2. HP: 22/22 MP: 2/2
   131 | D        | Reached XP level 3. HP: 27/27 MP: 3/3
   131 | D        | Reached XP level 4. HP: 32/32 MP: 4/4
   135 | D        | Reached skill level 6 in Fighting
   153 | D        | Entered arena 4.
   153 | D        | Noticed a white ugly thing
   153 | D        | Noticed a crocodile
   153 | D        | Found a transporter.
   155 | D        | Noticed a porcupine
   155 | D        | a worm changed into a porcupine
   156 | D        | Killed a crocodile
   156 | D        | Reached skill level 5 in Axes
   156 | D        | Reached XP level 5. HP: 37/37 MP: 5/5
   158 | D        | Killed a white ugly thing
   158 | D        | Reached *** piety under Trog
   158 | D        | Reached skill level 9 in Fighting
   158 | D        | Reached XP level 6. HP: 46/46 MP: 6/6
   158 | D        | Reached XP level 7. HP: 51/51 MP: 7/7
   205 | D        | Entered arena 5.
   205 | D        | Noticed a wretched star
   205 | D        | Found a transporter.
   211 | D        | Reached **** piety under Trog
   216 | D        | Killed a wretched star
   216 | D        | Reached skill level 10 in Fighting
   216 | D        | Reached skill level 10 in Armour
   216 | D        | Reached XP level 8. HP: 59/59 MP: 8/8
   318 | D        | Entered arena 6.
   318 | D        | Noticed a tarantella
   318 | D        | Found a transporter.
   324 | D        | Reached ***** piety under Trog
   326 | D        | Killed a tarantella
   326 | D        | Received a gift from Trog
   326 | D        | Reached skill level 11 in Fighting
   326 | D        | Reached XP level 9. HP: 64/64 MP: 9/9
   334 | D        | Entered arena 7.
   335 | D        | Found a transporter.
   340 | D        | Received a gift from Trog
   365 | D        | Entered arena 8.
   366 | D        | Found a transporter.
   369 | D        | Reached skill level 1 in Shields
   376 | D        | Reached skill level 10 in Axes
   527 | D        | Entered arena 9.
   527 | D        | Noticed a spiny frog
   528 | D        | Found a transporter.
   531 | D        | Received a gift from Trog
   533 | D        | Reached skill level 12 in Fighting
   534 | D        | Killed a spiny frog
   534 | D        | Reached skill level 5 in Shields
   548 | D        | Got the ring "Sij Poy" {+Fly rF+ rC+++ Str+3 Slay-6}
   561 | D        | Got the +6 war axe of Patterns {chop, MP+9 Str+3}
   564 | D        | Entered arena 10.
   564 | D        | Noticed an ancient zyme
   564 | D        | Noticed a large abomination
   565 | D        | Found a transporter.
   572 | D        | Killed a large abomination
   572 | D        | Killed an ancient zyme
   572 | D        | Reached ****** piety under Trog
   572 | D        | Received a gift from Trog
   572 | D        | Reached XP level 10. HP: 72/72 MP: 10/10
   629 | D        | Entered arena 11.
   629 | D        | Noticed a wolf spider
   633 | D        | Reached skill level 13 in Fighting
   634 | D        | Received a gift from Trog
   635 | D        | Found a transporter.
   640 | D        | Killed a wolf spider
   692 | D        | Entered arena 12.
   692 | D        | Noticed an orc knight
   692 | D        | Noticed an orc knight
   693 | D        | Identified the +8 rapier "Ophuc" {antimagic, rElec rC+
                  | Str+3 Stlth-}
   693 | D        | Noticed an orc sorcerer
   694 | D        | Found a transporter.
   700 | D        | Killed an orc knight
   700 | D        | Received a gift from Trog
   702 | D        | Killed an orc knight
   702 | D        | Reached skill level 14 in Fighting
   703 | D        | Killed an orc sorcerer
   703 | D        | Reached XP level 11. HP: 80/80 MP: 11/11
   706 | D        | Reached skill level 10 in Dodging
   709 | D        | Received a gift from Trog
   769 | D        | Entered arena 13.
   769 | D        | Noticed a sun demon
   769 | D        | Noticed Jexeshek the pandemonium lord
   769 | D        | Noticed Ruxkese the pandemonium lord
   769 | D        | Noticed a reaper
   769 | D        | Noticed an Ice Fiend
   770 | D        | Noticed a sixfirhy
   770 | D        | Noticed Movavisa the pandemonium lord
   770 | D        | Noticed an Executioner
   770 | D        | Noticed a gelid demonspawn
   770 | D        | Noticed a sixfirhy
   781 | D        | HP: 6/120 [reaper/+1 antimagic scythe (6)]
   781 | D        | Slain by an Executioner

Levels and vault maps discovered:
D:        sprint_v [room_start, room_1, room_2, room_3, room_4, room_5, room_6,
          room_7, room_8, room_9, room_10, room_11, room_12, room_13, room_14,
          room_15, room_16, room_17, room_18, room_19, room_20, room_21,
          room_22, room_23, room_24, room_25, room_26, room_27]

Skill      XL: |  1  2  3  4  5  6  7  8  9 10 11 |
---------------+----------------------------------+-----
Axes           | 4 5 7 9 10 12 | 12.2
Dodging        | 4 6 8 9 10 | 10.0
Fighting       | 5 6 9 10 11 12 14 | 14.2
Armour         | 5 6 8 10 11 12 | 12.6
Shields        | 6 9 |  9.7

Action                   |  1- 3 |  4- 6 |  7- 9 | 10-12 || total
-------------------------+-------+-------+-------+-------++-------
Melee: Broad axe         |     9 |     7 |    46 |    42 ||   104
Invok: Berserk           |     1 |     1 |     3 |     3 ||     8
  Use: Scroll            |       |     1 |     4 |       ||     5
  Eat: Chunk             |       |       |     2 |     4 ||     6
Armor: Plate armour      |     8 |     2 |    32 |    34 ||    76
Dodge: Dodged            |       |       |    11 |    11 ||    22
Block: Shield            |    11 |     4 |    99 |    84 ||   198
